AoeStats
← NASPI

Black Forest

510284997Analyzed
4v4 RM · 1d ago on Sep 30, 2026· 45m 4s· 8 players
Game mode
Random Map
Map size
Large (8 player)
Population
200
Speed
Normal
Resources
Standard
Victory
Conquest
Starting age
Dark Age
Ending age
Imperial Age
RankedLock teamsTeams togetherTeam positionsShared explorationLock speedFull tech treeHidden civsTurbo modeCheats
Victory
Defeat
🇨🇳 Celts · China
1350
+13
🇨🇳 Khmer · China
1323
+14
🇻🇳 Turks · Vietnam
1321
+14
🇻🇳 Persians · Vietnam
1256
+16
🇳🇴 Khmer · Norway
1297
-15
🇬🇧 Chinese · United Kingdom
1267
-14
🇦🇷 Britons · Argentina
1263
-14
🇦🇺 Saracens · Australia
1261
-14
长相犯罪
2:30 Loom
11:30 Feudal Age
16:21 Castle Age
14:35 Double-Bit Axe
14:34 Fishing Lines
17:23 Bow Saw
17:06 Gillnets
18:09 Wheelbarrow
18:00 Gold Mining
19:33 Gold Shaft Mining
21:38 Horse Collar
28:29 Imperial Age
26:46 Fletching
26:56 Padded Archer Armor
27:14 Forging
27:05 Scale Mail Armor
28:21 Hand Cart
27:52 Town Watch
28:59 Iron Casting
28:37 Capped Ram
28:44 Pikeman
29:10 Gambesons
29:52 Heavy Plow
30:22 Guilds
29:47 Siege Ram
30:16 Halberdier
34:07 Chain Mail Armor
35:12 Ballistics
35:54 Chemistry
35:48 Coinage
36:20 Plate Mail Armor
36:50 Blast Furnace
38:16 Banking
39:23 Caravan
40:57 Heavy Scorpion
41:29 Fletching
41:39 Padded Archer Armor
43:30 Bodkin Arrow
43:36 Padded Archer Armor
43:49 Fortified Wall
43:46 Siege Engineers
43:51 Masonry
45:27 Stone Mining
Gạo
5:11 Loom
10:46 Feudal Age
11:17 Feudal Age
12:56 Double-Bit Axe
16:48 Castle Age
16:12 Scale Barding Armor
16:06 Horse Collar
17:19 Bloodlines
18:22 Husbandry
20:17 Forging
26:19 Wheelbarrow
28:26 Fletching
29:14 Chain Barding Armor
29:32 Iron Casting
34:53 Hand Cart
34:51 Bow Saw
34:42 Heavy Plow
34:35 Gold Mining
34:38 Stone Mining
38:18 Imperial Age
36:42 Fletching
36:52 Padded Archer Armor
39:19 Gold Shaft Mining
39:06 Bodkin Arrow
39:20 Murder Holes
40:14 Leather Archer Armor
40:35 Thumb Ring
39:56 Crossbowman
42:05 Ballistics
42:45 Chemistry
MOON_CAT2025
6:51 Loom
11:06 Feudal Age
16:12 Fletching
16:53 Padded Archer Armor
17:35 Double-Bit Axe
25:02 Castle Age
23:40 Horse Collar
24:37 Gold Mining
25:01 Fishing Lines
26:21 Bow Saw
27:26 Bodkin Arrow
27:32 Gillnets
29:28 Wheelbarrow
36:09 Husbandry
36:46 Ballistics
36:40 Bloodlines
41:54 Imperial Age
825889483
0:44 Loom
13:34 Feudal Age
16:22 Castle Age
20:50 Horse Collar
25:10 Double-Bit Axe
27:14 Wheelbarrow
26:24 Town Watch
30:54 Imperial Age
28:56 Bloodlines
28:47 Husbandry
29:11 Heavy Plow
29:37 Gold Mining
30:14 Bow Saw
31:17 Scale Barding Armor
32:47 Chain Barding Armor
32:20 Cavalier
33:48 Town Watch
34:19 Hand Cart
34:44 Gold Shaft Mining
35:05 Plate Barding Armor
38:44 Forging
39:01 Elite Battle Elephant
41:25 Light Cavalry
42:52 Iron Casting
45:00 Hussar
Noob
11:15 Feudal Age
11:51 Double-Bit Axe
11:48 Horse Collar
13:55 Loom
16:51 Castle Age
20:08 Heavy Plow
23:16 Wheelbarrow
24:15 Bloodlines
29:16 Imperial Age
27:07 Gold Mining
27:33 Bow Saw
27:49 Ballistics
30:04 Hand Cart
30:27 Gold Shaft Mining
31:30 Conscription
31:27 Elite Battle Elephant
32:40 Elite Battle Elephant
33:37 Husbandry
38:01 Fletching
39:09 Scale Barding Armor
39:16 Forging
39:54 Bodkin Arrow
Vennardinho
1:02 Loom
13:17 Feudal Age
14:58 Double-Bit Axe
15:57 Horse Collar
18:38 Fishing Lines
22:25 Castle Age
21:05 Stone Mining
21:16 Gold Mining
23:42 Bow Saw
30:06 Wheelbarrow
32:17 Hand Cart
32:06 Scale Mail Armor
33:28 Chain Mail Armor
34:01 Fletching
34:21 Forging
39:19 Imperial Age
40:07 Crossbowman
40:55 Thumb Ring
40:48 Bodkin Arrow
40:45 Arbalester
41:26 Padded Archer Armor
42:07 Ballistics
42:06 Bracer
44:12 Chemistry
altrnate15
12:12 Feudal Age
12:37 Fishing Lines
13:01 Double-Bit Axe
19:03 Castle Age
19:35 Gillnets
20:41 Bow Saw
22:13 Gold Mining
23:16 Scale Barding Armor
23:22 Forging
24:20 Bloodlines
25:30 Chain Barding Armor
27:09 Iron Casting
27:05 Stone Mining
33:01 Imperial Age
32:23 Coinage
32:53 Fletching
33:09 Husbandry
33:09 Elite Mameluke
34:27 Plate Barding Armor
34:18 Ballistics
34:59 Chemistry
34:10 Masonry
34:02 Herbal Medicine
34:33 Loom
35:24 Wheelbarrow
34:35 Town Watch
34:49 Bodkin Arrow
34:22 Heavy Camel Rider
35:45 Banking
36:26 Conscription
37:27 Bracer
39:18 Guard Tower
39:13 Arrowslits
39:24 Murder Holes
39:35 Siege Engineers
NASPI
8:46 Feudal Age
7:33 Loom
9:20 Double-Bit Axe
11:07 Fletching
14:54 Padded Archer Armor
16:12 Horse Collar
25:21 Castle Age
23:33 Gold Mining
25:15 Wheelbarrow
26:14 Bow Saw
26:05 Heavy Plow
32:24 Town Watch
34:28 Gold Shaft Mining
33:59 Crossbowman
36:13 Leather Archer Armor
36:00 Bodkin Arrow
37:37 Ballistics
36:57 Treadmill Crane
38:07 Coinage
44:40 Imperial Age
42:26 Hand Cart
44:44 Arbalester
45:25 Bracer
45:56 Ring Archer Armor
Connection lost

Rejoining the realm…

Still unreachable

The connection could not be restored.

Session expired

The server has moved on; the page needs a fresh start.